 Dungeon Crawl Stone Soup version 0.30.0-7-g0c4daa9e05 (webtiles) character file.

Game seed: 14321306853879644185

1 Kass the Covert (level 1, -4/23 HPs)
             Began as a Gnoll Delver on May 13, 2023.
             Slain by an iguana (11 damage)
             ... on level 5 of the Dungeon.
             The game lasted 00:01:25 (287 turns).

Kass the Covert (Gnoll Delver)                       Turns: 287, Time: 00:01:26

Health: -4/23      AC:  6    Str: 11    XL:     1   Next: 20%
Magic:  1/1        EV: 13    Int:  9    God:
Gold:   21         SH:  0    Dex: 13    Spells: 0/0 levels left

rFire   . . .        a - +0 spear
rCold   . . .        (no shield)
rNeg    . . .        b - +0 leather armour
rPois   .            (no helmet)
rElec   .            i - +2 cloak
rCorr   .            (no gloves)
SInv    .            (no boots)
Will    .....        (no amulet)
Stlth   ++++         (no ring)
HPRegen 0.23/turn    (no ring)
MPRegen 0.07/turn

%: no passive effects
@: no status effects
A: fangs 1, strong nose, distributed training
a: no special abilities


You were on level 5 of the Dungeon.
You visited 1 branch of the dungeon, and saw 2 of its levels.

You collected 21 gold pieces.

Inventory:

Hand Weapons
 a - a +0 spear (weapon)
Armour
 b - a +0 leather armour (worn)
 i - a +2 cloak (worn)
Wands
 g - a wand of digging (3)
Scrolls
 c - a scroll of fog
 d - a scroll of magic mapping
 e - a scroll of fear
 h - a scroll of enchant weapon {unknown}
 j - a scroll of teleportation {unknown}
Potions
 f - a potion of haste


   Skills:
 + Level 6.4 Fighting
 + Level 0.0 Short Blades
 + Level 0.0 Long Blades
 + Level 0.0 Axes
 + Level 0.0 Maces & Flails
 + Level 4.4 Polearms
 + Level 0.0 Staves
 + Level 0.0 Ranged Weapons
 + Level 0.0 Throwing
 + Level 0.0 Armour
 + Level 4.4 Dodging
 + Level 9.5 Stealth
 + Level 0.0 Shields
 + Level 0.0 Unarmed Combat
 + Level 0.0 Spellcasting
 + Level 0.0 Conjurations
 + Level 0.0 Hexes
 + Level 0.0 Summonings
 + Level 0.0 Necromancy
 + Level 0.0 Translocations
 + Level 0.0 Transmutations
 + Level 0.0 Fire Magic
 + Level 0.0 Ice Magic
 + Level 0.0 Air Magic
 + Level 0.0 Earth Magic
 + Level 0.0 Poison Magic
 + Level 0.0 Invocations
 + Level 0.0 Evocations


You couldn't memorise any spells.
You didn't know any spells.
Your spell library was empty.

Dungeon Overview and Level Annotations

Branches:
Dungeon (6/15)
 Temple: D:4-7

Altars:

Portals:
Abyss: D:5

Annotations:
D:5 2 transporters, Sigmund; shayaa's ghost, weakling GrDe


Innate Abilities, Weirdness & Mutations

You have very sharp teeth.
Your uncanny sense of smell can sniff out nearby items.
Your experience applies equally to all skills.


Message History

Found a stone staircase leading up.
You see here 6 poisoned darts.
k - 6 poisoned darts The iguana hisses angrily.
Throw: 6 darts (poison)
Press: ? - help, Q - select action Shift-Dir - straight line, f - iguana
Aim: an iguana (64% to hit)
You throw a poisoned dart.
The poisoned dart closely misses the iguana.
The iguana bites you!
Throw: 5 darts (poison)
Press: ? - help, Q - select action Shift-Dir - straight line, f/p - iguana
Aim: an iguana (64% to hit)
You throw a poisoned dart.
The poisoned dart barely misses the iguana.
The iguana closely misses you.
Throw: 4 darts (poison)
Press: ? - help, Q - select action Shift-Dir - straight line, f/p - iguana
Aim: an iguana (64% to hit)
You throw a poisoned dart. The poisoned dart hits the iguana.
The iguana closely misses you.
Throw: 3 darts (poison)
Press: ? - help, Q - select action Shift-Dir - straight line, f/p - iguana
Aim: an iguana (64% to hit)
You throw a poisoned dart.
The poisoned dart barely misses the iguana.
The iguana completely misses you.
Throw: 2 darts (poison)
Press: ? - help, Q - select action Shift-Dir - straight line, f/p - iguana
Aim: an iguana (64% to hit)
You throw a poisoned dart.
The poisoned dart barely misses the iguana.
The iguana bites you!
Throw: dart (poison)
Press: ? - help, Q - select action Shift-Dir - straight line, f/p - iguana
Aim: an iguana (64% to hit)
You throw a poisoned dart. The poisoned dart hits the iguana.
The iguana is poisoned.
The iguana bites you!
You die...

.....# .....## # ....(.#
####.. ......# ##...#
......# ..##.## .......
...#..###########l......
................@.......
....................#..<
...###....####......#
..##.##..## ####...#
..#.# ##.# ...#
..##...### ..... ...#
#...x ...### ...### .∩.#
...# .....#.#


You could see an iguana (poisoned).

Vanquished Creatures
  A quokka (D:5)
1 creature vanquished.

Notes
Turn   | Place    | Note
-------+----------+-------------------------------------------
     0 | D:5      | Reached skill level 9 in Stealth
     0 | D:5      | Kass the Gnoll Delver began the quest for the Orb.
     0 | D:5      | Reached XP level 1. HP: 23/23 MP: 1/1
    45 | D:5      | Noticed Sigmund
    58 | D:5      | Found a transporter.
    90 | D:5      | Noticed a small abomination
    92 | D:5      | Noticed a small abomination
   250 | D:5      | Found a one-way gate to the infinite horrors of the Abyss.
   250 | D:5      | Noticed shayaa's ghost (weakling GrDe)
   253 | D:5      | Found a transporter.
   272 | D:5      | Noticed an ancient zyme
   272 | D:5      | Noticed a small abomination
   280 | D:5      | Noticed an iguana
   287 | D:5      | Slain by an iguana

Illustrated notes

Levels and vault maps discovered:
D:5:      layout_cave_pods, nicolae_sif_muna_little_library,
          gammafunk_ghost_abyssal_escape, uniq_sigmund, uniq_eustachio,
          uniq_prince_ribbit1
D:6:      layout_basic, minitemple, minmay_misc_feat_enclosed, minmay_pentangle

Skill      XL: | |
---------------+-+-----
Stealth        | |  9.5
Fighting       | |  6.4
Polearms       | |  4.4
Dodging        | |  4.4

Action                     || total
---------------------------++-------
  Melee: Spear             ||     2
  Throw: Dart              ||     6
  Dodge: Dodged            ||     3
